 Dungeon Crawl Stone Soup version 0.30-a0-465-g8901f6c8b5 (webtiles) character file.

Game seed: 30729420894936334

1002 cforsyth the Covered (level 8, -1/72 HPs)
             Began as an Armataur Gladiator on Dec 19, 2022.
             Was an Initiate of Okawaru.
             Slain by a hound (4 damage)
             ... on level 6 of the Dungeon.
             The game lasted 00:08:14 (5110 turns).

cforsyth the Covered (Armataur Gladiator)           Turns: 5110, Time: 00:08:14

Health: -1/72      AC: 10    Str: 19    XL:     8   Next: 0%
Magic:  8/8        EV:  6    Int: 10    God:    Okawaru [......]
Gold:   199        SH:  0    Dex: 13    Spells: 7/7 levels left

rFire   . . .      SeeInvis .    a - +0 flail
rCold   . . .      Faith    .    (no shield)
rNeg    + . .      Spirit   .    F - +0 chain mail
rPois   .          Reflect  .    c - +0 helmet
rElec   .          Harm     .    (no cloak)
rCorr   .          Roll     +    (no gloves)
Will    .....                    (no barding)
Stlth   ..........               (no amulet)
HPRegen 0.32/turn                A - ring of positive energy
MPRegen 0.11/turn                (no ring)

@: no status effects
A: large, rugged brown scales 3, deformed body, armoured tail, roll, long
tongue, awkward tongue
a: Renounce Religion


You were on level 6 of the Dungeon.
You worshipped Okawaru.
Okawaru was noncommittal.
You visited 2 branches of the dungeon, and saw 7 of its levels.
You also visited: Ossuary.

You collected 289 gold pieces.
You spent 90 gold pieces at shops.

Inventory:

Hand Weapons
 a - a +0 flail (weapon)
Missiles
 d - 3 throwing nets (quivered)
 e - 3 javelins
 r - 2 silver boomerangs
Armour
 c - a +0 helmet (worn)
 F - a +0 chain mail (worn)
Jewellery
 A - a ring of positive energy (left hand)
Wands
 p - a wand of paralysis (5)
 C - a wand of flame (30)
Scrolls
 b - 3 scrolls of blinking
 f - a scroll of poison {unknown}
 i - a scroll of amnesia {unknown}
 j - 5 scrolls of teleportation
 o - 2 scrolls of magic mapping
 s - a scroll of silence {unknown}
 t - a scroll of vulnerability {unknown}
 w - a scroll of noise {unknown}
 x - a scroll of acquirement {unknown}
 y - a scroll of fear {unknown}
 B - 2 scrolls of fog {unknown}
 E - 4 scrolls of identify
Potions
 g - a potion of cancellation
 h - 2 potions of berserk rage
 l - 2 potions of magic
 m - 5 potions of curing
 n - 2 potions of mutation
 q - 6 potions of heal wounds
 u - a potion of flight
 v - 2 potions of ambrosia {unknown}
 z - 2 potions of attraction {unknown}
 D - a potion of degeneration {unknown}


   Skills:
 + Level 5.1 Fighting
 + Level 5.5 Maces & Flails
 - Level 1.7 Throwing
 + Level 6.2 Armour
 - Level 2.1 Dodging


You had 7 spell levels left.
You didn't know any spells.
Your spell library contained the following spells:

 Spells                   Type           Power      Damage    Failure   Level
 Gell's Gravitas          Tloc           0%         N/A       100%        3
 Lesser Beckoning         Tloc           0%         N/A       100%        3
 Ozocubu's Armour         Ice            0%         N/A       100%        3
 Teleport Other           Tloc           0%         N/A       100%        3
 Dispersal                Tloc           0%         N/A       100%        6
 Ozocubu's Refrigeration  Ice            0%         4d7       100%        7


Dungeon Overview and Level Annotations

Branches:
Dungeon (6/15)             Temple (1/1) D:4         Ossuary (visited)

Altars:
Ashenzari
Dithmenos
Elyvilon
Gozag
Hepliaklqana
Okawaru
Ru
Sif Muna
Uskayaw
Vehumet
Wu Jian
Xom
Yredelemnul
The Shining One

Shops:
D:2 [:**


Innate Abilities, Weirdness & Mutations

You are completely covered in rugged brown scales. (AC +3, +7% HP)
Armour fits poorly on your strangely shaped body.
You have a long armoured tail.
You roll when moving toward enemies. (Rampage)
Your long tongue fully drains potion bottles. (2x potion effects)
Your tongue gives you trouble enunciating. (1.5x scroll delay)


Message History

You barely miss the ice beast.
The ice beast is moderately wounded.
The hound bites you but does no damage. The ice beast hits you.
The ice beast freezes you! The hound bites you but does no damage.
You are too injured to fight recklessly!
You are too injured to fight recklessly!
You are too injured to fight recklessly!
You are too injured to fight recklessly!
You hit the hound.
The hound is moderately wounded.
The ice beast hits you but does no damage.
The hound bites you but does no damage.
You hit the hound.
The hound is moderately wounded.
The hound bites you but does no damage. The ice beast hits you.
The ice beast freezes you! The hound bites you but does no damage.
The ice beast hits you. The ice beast freezes you!
You miss the hound.
The hound is moderately wounded.
The hound closely misses you. The hound barely misses you.
The ice beast hits you. The ice beast freezes you!
* * * LOW HITPOINT WARNING * * *
You miss the hound.
The hound is moderately wounded.
The hound bites you.
* * * LOW HITPOINT WARNING * * *
The ice beast hits you but does no damage.
The hound bites you.
* * * LOW HITPOINT WARNING * * *
The ice beast attacks as you move away! The ice beast completely misses you.
The hound pauses to sniff the ground.
The hound bites you but does no damage. x2
You see here a scroll labelled LEAMUFIZOO.
The ice beast attacks as you move away! The ice beast hits you.
* * * LOW HITPOINT WARNING * * *
The ice beast freezes you!
* * * LOW HITPOINT WARNING * * *
The hound bites you but does no damage. The hound attacks as you move away!
The hound bites you.
You die...

### #.## ##..########...
# ######..............
....##...?h@...#.#####...
..........Y..###.###
..)..........# #...#
.............# ###.# ###
.............# #.# ..
...........?.# #.##.#
..........!..# #..#.#
.............# ##...#
............## #..##


You could see an ice beast and a hound.

Vanquished Creatures
  Menkaure (Ossuary)
  An ice beast (D:5)
  A centaur (D:5)
  2 phantoms
  3 scorpions
  A jelly (D:5)
  2 hounds
  An iguana (D:4)
  An orc wizard (D:4)
  3 mummies (Ossuary)
  4 gnolls (D:4)
  3 adders
  A shadow imp (D:5)
  A worm (D:3)
  A dart slug (D:5)
  14 orcs
  2 ball pythons (D:1)
  9 bats
  6 endoplasms
  6 giant cockroaches
  4 gnoll zombies (Ossuary)
  4 goblins
  10 hobgoblins
  3 jackals (D:1)
  4 kobolds
  3 quokkas
  A frilled lizard (D:2)
  2 gnoll skeletons (Ossuary)
  4 goblin skeletons (Ossuary)
  5 goblin zombies (Ossuary)
  5 hobgoblin skeletons (Ossuary)
  5 hobgoblin zombies (Ossuary)
  6 kobold skeletons (Ossuary)
  4 kobold zombies (Ossuary)
  3 orc skeletons (Ossuary)
  5 orc zombies (Ossuary)
  7 rats
  5 rat skeletons (Ossuary)
  2 rat zombies (Ossuary)
145 creatures vanquished.

Notes
Turn   | Place    | Note
-------+----------+-------------------------------------------
     0 | D:1      | cforsyth the Armataur Gladiator began the quest for the
                  | Orb.
     0 | D:1      | Reached XP level 1. HP: 18/18 MP: 1/1
   182 | D:1      | Reached skill level 1 in Armour
   208 | D:1      | Reached XP level 2. HP: 24/25 MP: 2/2
   729 | D:2      | Found Pockuderoud's General Store.
   750 | D:2      | Found Elio's Antique Armour Boutique.
   798 | D:2      | Reached XP level 3. HP: 21/31 MP: 3/3
   957 | D:2      | Found Qigroom's Book Shop.
  1192 | D:2      | Found Boqem's General Store.
  1206 | D:2      | Bought a scroll of blinking for 90 gold pieces
  1389 | D:3      | Reached skill level 2 in Armour
  1964 | D:3      | Reached XP level 4. HP: 37/39 MP: 4/4
  2291 | D:4      | Noticed a scorpion
  2299 | D:4      | Killed a scorpion
  2300 | D:4      | Reached skill level 3 in Armour
  2300 | D:4      | Reached XP level 5. HP: 36/48 MP: 5/5
  2313 | D:4      | Found a staircase to the Ecumenical Temple.
  2470 | D:4      | Noticed a phantom
  2481 | D:4      | Killed a phantom
  2501 | D:4      | Reached skill level 4 in Armour
  2513 | D:4      | Reached XP level 6. HP: 46/54 MP: 6/6
  2598 | D:4      | Found a sand-covered staircase.
  2607 | Ossuary  | Entered an ossuary
  3075 | Ossuary  | Noticed Menkaure
  3080 | Ossuary  | Killed Menkaure
  3492 | D:4      | Reached XP level 7. HP: 35/63 MP: 7/7
  3674 | D:4      | Reached skill level 5 in Armour
  3921 | D:5      | Entered Level 5 of the Dungeon
  4151 | D:5      | Reached skill level 5 in Maces & Flails
  4627 | D:5      | Reached skill level 5 in Fighting
  4627 | D:5      | Reached skill level 6 in Armour
  4901 | Temple   | Entered the Ecumenical Temple
  4951 | Temple   | Became a worshipper of Warmaster Okawaru
  5030 | D:6      | Reached XP level 8. HP: 68/72 MP: 8/8
  5108 | D:6      | HP: 2/72 [ice beast (13)]
  5110 | D:6      | Slain by a hound

Illustrated notes

Levels and vault maps discovered:
D:1:      shiori_shiawase, layout_basic, minmay_misc_feat_alley
D:2:      layout_loops_ring, serial_shops, nicolae_shop_crystal,
          nicolae_shop_advertising_works [nicolae_subvault_shop_adworks], shop,
          nicolae_lakefront_shop
D:3:      minmay_bubble_buster, layout_loops_corners
D:4:      layout_loops_ring, minmay_temple_entry_arrows,
          nicolae_ossuary_entry_ruins
D:5:      layout_loops_cross
D:6:      layout_rooms, nicolae_overflow_crystal_walls
Temple:   zaba_magenta_temple

Skill      XL: |  1  2  3  4  5  6  7 |
---------------+----------------------+-----
Fighting       | 2 3 4 5 |  5.1
Armour         | 1 2 3 4 6 |  6.2
Maces & Flails | 3 4 5 |  5.5
Throwing       | |  1.7
Dodging        | |  2.1

Action                   |  1- 3 |  4- 6 |  7- 9 || total
-------------------------+-------+-------+-------++-------
Melee: Flail             |   114 |   248 |    74 ||   436
       Tailslap          |     7 |    29 |     7 ||    43
       Punch             |     1 |     5 |       ||     6
  Use: Scroll            |       |     3 |     6 ||     9
       Potion            |       |     1 |       ||     1
 Stab: Sleeping          |     1 |       |       ||     1
Armor: Leather armour    |    19 |       |       ||    19
       Ring mail         |    30 |    88 |    28 ||   146
       Chain mail        |       |       |    19 ||    19
Dodge: Dodged            |    70 |    93 |    40 ||   203

Table legend: (Time is in decaauts)
 A = Elapsed time spent in this place.
 B = Non-inter-level travel time spent in this place.
 C = Inter-level travel time spent in this place.
 D = Time resting spent in this place.
 E = Time spent auto-exploring this place.
 F = Levels seen in this place.
 G = Mean time per level.
                   A        B        C        D        E       F      G
               +--------+--------+--------+--------+--------+-----+--------+
         Total |   5201 |   4973 |    228 |    168 |   3641 |   8 |  650.1 |
       Dungeon |   4537 |   4323 |    214 |      0 |   3419 |   6 |  756.2 |
        Temple |     63 |     50 |     13 |      0 |     39 |   1 |   63.0 |
       Ossuary |    600 |    600 |      0 |    168 |    183 |   1 |  600.0 |
               +--------+--------+--------+--------+--------+-----+--------+

Top non-repeatable levels by time:
     D:4: 1145 daAuts
     D:5: 982 daAuts
     D:3: 948 daAuts
     D:1: 740 daAuts
     D:2: 635 daAuts
 Ossuary: 600 daAuts
     D:6: 86 daAuts
  Temple: 63 daAuts
